 Dungeon Crawl Stone Soup version 0.30-a0-509-gd016549fea (webtiles) character file.

Game seed: 17989447728605070571

5 Bnni the Vexing (level 1, -10/15 HPs)
             Began as a Formicid Hexslinger on Dec 22, 2022.
             Killed from afar by Sigmund (20 damage)
             ... with a bolt of dispelling energy
             ... on level 2 of the Dungeon.
             The game lasted 00:00:23 (221 turns).

Bnni the Vexing (Formicid Hexslinger)                Turns: 221, Time: 00:00:23

Health: -10/15     AC:  3    Str: 14    XL:     1   Next: 88%
Magic:  1/2        EV: 12    Int: 12    God:
Gold:   30         SH:  0    Dex: 14    Spells: 1/2 levels left

rFire   . . .      SeeInvis +    a - +1 sling
rCold   . . .      Faith    .    (no shield)
rNeg    . . .      Spirit   .    c - +0 robe
rPois   .          Reflect  .    (helmet unavailable)
rElec   .          Harm     .    f - +0 cloak
rCorr   .          Rampage  .    (no gloves)
Will    .....                    (no boots)
Stlth   +.........               (no amulet)
HPRegen 0.22/turn                (no ring)
MPRegen 0.08/turn                (no ring)

@: no status effects
A: permanent stasis, dig shafts and tunnels, antennae 3, four strong arms
a: Dig, Shaft Self


You were on level 2 of the Dungeon.
You visited 1 branch of the dungeon, and saw 2 of its levels.

You collected 30 gold pieces.

Inventory:

Hand Weapons
 a - a +1 sling (weapon)
Armour
 c - a +0 robe (worn)
 f - a +0 cloak (worn)
Scrolls
 b - a scroll of poison
 d - a scroll of magic mapping {unknown}
 e - a scroll of identify {unknown}
Potions
 g - a potion of might {unknown}


   Skills:
 + Level 1.2 Fighting
 * Level 2.2 Ranged Weapons
 - Level 1.7 Dodging
 + Level 1.2 Spellcasting
 * Level 3.8 Hexes


You had one spell level left.
You knew the following spells:

 Your Spells              Type           Power      Damage    Failure   Level
a - Slow                  Hex            36%        N/A       6%          1

Your spell library contained the following spells:

 Spells                   Type           Power      Damage    Failure   Level
 Inner Flame              Hex/Fire       5%         N/A       38%         3
 Portal Projectile        Hex/Tloc       10%        N/A       38%         3
 Cause Fear               Hex            4%         N/A       52%         4


Dungeon Overview and Level Annotations

Branches:
Dungeon (1/15)

Altars:

Annotations:
D:2 Sigmund


Innate Abilities, Weirdness & Mutations

You cannot be hasted, slowed, berserked, paralysed or teleported.
You can dig through walls and to a lower floor.
You have a pair of large antennae on your head. (SInv)
Your four strong arms can wield two-handed weapons with a shield.


Message History

You hear a shout!
A goblin comes into view. It is wielding a +0 dagger.
You shoot a sling bullet.
The sling bullet barely misses the goblin.
You shoot a sling bullet.
The sling bullet completely misses the goblin.
The sling bullet closely misses the goblin.
The goblin unwields a +0 dagger.
The goblin wields a +0 sling.
The goblin shoots a sling bullet.
The sling bullet misses you.
You shoot a sling bullet.
The sling bullet closely misses the goblin.
You hear a shout!
The goblin hits you but does no damage.
Sigmund the Dreaded comes into view.
He is wielding a +0 scythe and carrying a wand of quicksilver (11).
The goblin shoots a sling bullet.
The sling bullet barely misses you.
You shoot a sling bullet.
The sling bullet closely misses the goblin.
The goblin hits you with a +0 dagger.
The goblin shoots a sling bullet.
The sling bullet misses you.
You shoot a sling bullet. The sling bullet hits the goblin.
You kill the goblin!
The goblin shoots a sling bullet.
The sling bullet closely misses you.
You shoot a sling bullet. The sling bullet barely misses Sigmund.
The goblin shoots a sling bullet.
The sling bullet misses you. Sigmund gestures at you while chanting.
The puff of flame hits you.
The goblin shoots a sling bullet.
The sling bullet hits you.
Casting: Slow (safe; 6% risk of failure)
Confirm with . or Enter, or press ? or * to list all spells.
Aiming: Slow (safe; 6% risk of failure)
Press: ? - help, Shift-Dir - straight line, f/p - Sigmund
Aim: Sigmund, wielding a +0 scythe, wearing a +0 robe and carrying a wand of quicksilver (11) (chance to affect: 51%) Sigmund resists with significant effort.
Sigmund zaps a wand.
The bolt of dispelling energy misses you.
Unknown command.
Sigmund zaps a wand.
The bolt of dispelling energy hits you!!
Ouch! That really hurt!
You die...

#.## #..# (..# #..#
#..# #..## ## ####..#
##.#.## .. .....#
##.###.## ###. #.##.#
##.## ##.#
.....##.##.####.## ##.
#..............## ##.#
##.##@##.######.###...
#.##.##......#..##
#.).#.##.......#.#
.......##......##.#
......$..##.....###.#
#..g......###.....###.#
...@.....## ###.#.....#
......#.## ###.#.#...##
......### #.........).


You could see Sigmund and a goblin.

Vanquished Creatures
  A dart slug (D:1)
  A giant cockroach (D:1)
  A goblin (D:2)
  A kobold (D:2)
4 creatures vanquished.

Notes
Turn   | Place    | Note
-------+----------+-------------------------------------------
     0 | D:1      | Bnni the Formicid Hexslinger began the quest for the Orb.
     0 | D:1      | Reached XP level 1. HP: 15/15 MP: 2/2
    87 | D:1      | You fall into a shaft and drop 1 floor!
   216 | D:2      | Noticed Sigmund
   221 | D:2      | Killed from afar by Sigmund

Illustrated notes

Levels and vault maps discovered:
D:1:      dpeg_arrival_pits, layout_basic, chequers_jeans, supply_closet_lemuel,
          minmay_misc_feat_chi, fountainhead
D:2:      layout_loops_ring, chequers_mini_garden, cheibrodos_gnoll_hut,
          uniq_sigmund

Action                   || total
-------------------------++-------
 Fire: Sling             ||    18
 Cast: Slow              ||     1
Armor: Robe              ||     3
Dodge: Dodged            ||    10

Table legend: (Time is in decaauts)
 A = Elapsed time spent in this place.
 B = Non-inter-level travel time spent in this place.
 C = Inter-level travel time spent in this place.
 D = Time resting spent in this place.
 E = Time spent auto-exploring this place.
 F = Levels seen in this place.
 G = Mean time per level.
                   A        B        C        D        E       F      G
               +--------+--------+--------+--------+--------+-----+--------+
         Total |    226 |    226 |      0 |      0 |    174 |   2 |  113.0 |
       Dungeon |    226 |    226 |      0 |      0 |    174 |   2 |  113.0 |
               +--------+--------+--------+--------+--------+-----+--------+

Top non-repeatable levels by time:
     D:2: 136 daAuts
     D:1: 90 daAuts
